 Dungeon Crawl Stone Soup version 0.26-a0-639-g72c4674329 (webtiles) character file.

Game seed: 13443232045118878402

176 PentaManta the Chopper (level 5, -2/42 HPs)
             Began as a Formicid Abyssal Knight on Sept 20, 2020.
             Was a Believer of Lugonu.
             Slain by an orc (4 damage)
             ... on level 3 of the Dungeon.
             The game lasted 00:05:03 (2441 turns).

PentaManta the Chopper (Formicid Abyssal Knight)    Turns: 2441, Time: 00:05:03

Health: -2/42      AC:  9    Str: 17    XL:     5   Next: 86%
Magic:  6/6        EV:  7    Int: 12    God:    Lugonu [**....]
Gold:   184        SH:  5    Dex: 16    Spells: 4/4 levels left

rFire    . . .     SeeInvis +   a - +1 hand axe
rCold    . . .     Faith    .   m - +0 buckler
rNeg     . . .     Spirit   .   p - +0 chain mail
rPois    .         Reflect  .   (helmet unavailable)
rElec    .         Harm     .   e - +0 cloak
rCorr    .         Rampage  .   (no gloves)
MR       .....                  (no boots)
Stlth    ..........             (no amulet)
HPRegen  0.14/turn              k - +6 ring of dexterity
MPRegen  0.10/turn              (no ring)

@: no status effects
A: permanent stasis, dig shafts and tunnels, four strong arms, antennae 3, low
mp 1, subdued magic 1
a: Dig, Shaft Self, Depart the Abyss, Bend Space, Renounce Religion


You were on level 3 of the Dungeon.
You worshipped Lugonu.
Lugonu was pleased with you.
You visited 1 branch of the dungeon, and saw 3 of its levels.
You visited the Abyss 1 time.

You collected 184 gold pieces.

Inventory:

Hand Weapons
 a - a +1 hand axe (weapon)
Armour
 e - a +0 cloak (worn)
 m - a +0 buckler (worn)
 p - a +0 chain mail (worn)
Jewellery
 k - a +6 ring of dexterity (left hand)
Wands
 q - a wand of iceblast (13)
Scrolls
 l - a scroll of remove curse
Potions
 g - a potion of heal wounds
 h - a potion of invisibility
 i - a potion of magic
 o - a potion of ambrosia
 r - 2 potions of might
 t - a potion of degeneration {unknown}
Miscellaneous
 d - a phial of floods


   Skills:
 - Level 3.8 Fighting
 + Level 4.4 Axes
 - Level 2.1 Armour
 - Level 0.8 Dodging
 - Level 3.0 Shields
 - Level 2.3 Invocations


You had 4 spell levels left.
You didn't know any spells.
Your spell library was empty.

Dungeon Overview and Level Annotations

Branches:
Dungeon (3/15)

Altars:
Cheibriados


Innate Abilities, Weirdness & Mutations

You cannot be hasted, slowed, berserked, paralysed or teleported.
You can dig through walls and to a lower floor.
Your four strong arms can wield two-handed weapons with a shield.
You have a pair of large antennae on your head. (SInv)
Your magical capacity is low. (-10% MP)
Your spells are a little easier to cast, but a little less powerful.


Message History

The orc hits you. The orc priest barely misses you.
You hit the orc priest.
The orc priest is almost dead.
You hit the orc but do no damage. You hit the orc.
You kill the orc!
Lugonu accepts your kill.
You hit the orc but do no damage. The orc hits you with a +0 short sword.
The orc hits you but does no damage.
The orc priest calls down the wrath of Beogh upon you.
Pain shoots through your body!
* * * LOW HITPOINT WARNING * * *
You hit the orc priest.
You kill the orc priest!
Lugonu accepts your kill.
You can now bend space around yourself.
You hit the orc but do no damage. You hit the orc. You block the orc's attack.
The orc hits you but does no damage.
You hit the orc but do no damage.
The orc is heavily wounded.
You hit the orc but do no damage. The orc closely misses you. The orc hits you.
You die...

,,,,,,,******######..............
,,,,,,,* #..############ ****,,,*
#..............
******##########...###########
****,,,,,.......†...............#
,,**,,,,,.......................#
,,**,,,,,..........#############.
,,**,,,,,......†o................
,,**,,,,,......o@..#############.
,,**,,,,,......)...# #...
,,**,,,,,..........# #...
,,**,,,,,..........# #...
,,**,,,,,..........#**########...
,,**,,,,,..........#,,...........
,,**,,,,,...........,,..........#
,,**,,,,,............,..........#
,,**,,,,,,,,,,,,,,,,,,..........#


You could see 2 orcs.

Vanquished Creatures
  An orc priest (D:3)
  2 orc wizards
  A worker ant (D:2)
  2 adders (D:2)
  A worm (D:2)
  2 leopard geckos
  3 orcs
  A ball python (D:1)
  A giant cockroach (D:1)
  7 goblins
  7 hobgoblins
  2 jackals (D:1)
  4 kobolds
  3 bats
  A frilled lizard (D:2)
  7 rats
45 creatures vanquished.

Notes
Turn   | Place    | Note
-------+----------+-------------------------------------------
     0 | Abyss:1  | PentaManta the Formicid Abyssal Knight began the quest for
                  | the Orb.
     0 | Abyss:1  | Reached XP level 1. HP: 18/18 MP: 2/2
    36 | Abyss:2  | Noticed a neqoxec
    52 | Abyss:2  | Noticed a crimson imp
    53 | Abyss:2  | Gained mutation: Your spells are a little easier to cast,
                  | but a little less powerful. [a neqoxec]
    67 | Abyss:2  | Noticed a sixfirhy
    69 | Abyss:2  | Gained mutation: Your magical capacity is low. (-10% MP) [a
                  | neqoxec]
    76 | Abyss:2  | Noticed a red devil
    78 | D:1      | Escaped the Abyss
   500 | D:1      | Reached XP level 2. HP: 19/25 MP: 3/3
   736 | D:1      | Reached * piety under Lugonu
  1158 | D:2      | Reached XP level 3. HP: 30/30 MP: 4/4
  1218 | D:2      | Reached skill level 3 in Axes
  1356 | D:2      | Reached skill level 1 in Shields
  1403 | D:2      | Found a snail-covered altar of Cheibriados.
  1476 | D:2      | Reached XP level 4. HP: 34/37 MP: 5/5
  2150 | D:2      | Reached XP level 5. HP: 27/42 MP: 6/6
  2267 | D:3      | Reached skill level 4 in Axes
  2439 | D:3      | HP: 2/42 [orc priest/nerve-wracking pain (13)]
  2440 | D:3      | Reached ** piety under Lugonu
  2441 | D:3      | Slain by an orc

Illustrated notes

Levels and vault maps discovered:
D:1:      minmay_arrival_open_corners, layout_loops_corners
D:2:      layout_rooms, lemuel_coloured_pillars_altar, serial_forest,
          infiniplex_forest_clump_cross, infiniplex_forest_straight_1,
          infiniplex_forest_lined_2
D:3:      layout_basic, chequers_temple_overflow_minitemple,
          grunt_gozag_breadcrumbs

Skill      XL: |  1  2  3  4  5 |
---------------+----------------+-----
Axes           | 3 4 |  4.4
Shields        | 1 3 |  3.0
Fighting       | |  3.8
Armour         | |  2.1
Dodging        | |  0.8
Invocations    | |  2.3

Action                   |  1- 3 |  4- 6 || total
-------------------------+-------+-------++-------
Melee: Hand axe          |    80 |    55 ||   135
Invok: Depart the Abyss  |     1 |       ||     1
  Use: Scroll            |       |     9 ||     9
Armor: Leather armour    |     9 |       ||     9
       Scale mail        |    21 |       ||    21
       Chain mail        |     8 |    47 ||    55
Dodge: Dodged            |    41 |    30 ||    71
Block: Buckler           |     6 |    17 ||    23

Table legend: (Time is in decaauts)
 A = Elapsed time spent in this place.
 B = Non-inter-level travel time spent in this place.
 C = Inter-level travel time spent in this place.
 D = Time resting spent in this place.
 E = Time spent auto-exploring this place.
 F = Levels seen in this place.
 G = Mean time per level.
                   A        B        C        D        E       F      G
               +--------+--------+--------+--------+--------+-----+--------+
         Total |   2459 |   2429 |     30 |      0 |   1967 |   5 |  491.8 |
       Dungeon |   2381 |   2351 |     30 |      0 |   1959 |   3 |  793.7 |
         Abyss |     77 |     77 |      0 |      0 |      8 |   2 |   38.5 |
               +--------+--------+--------+--------+--------+-----+--------+

Top non-repeatable levels by time:
     D:1: 1077 daAuts
     D:2: 794 daAuts
     D:3: 510 daAuts
 Abyss:2: 56 daAuts
 Abyss:1: 21 daAuts
